 Dungeon Crawl Stone Soup version 0.19-a0-958-gd69d43c (webtiles) character file.

362533 matakusis the Hoplite (level 21, -38/195 HPs)
             Began as a Demonspawn Gladiator on July 10, 2016.
             Was the Champion of Hepliaklqana.
             Killed from afar by Xtahua (58 damage)
             ... with a searing blast
             ... on level 5 of the Vaults on July 11, 2016.
             The game lasted 05:03:24 (47946 turns).

matakusis the Hoplite (Demonspawn Gladiator)       Turns: 47946, Time: 05:03:38

Health: -38/195    AC: 38    Str: 36    XL:     21   Next: 82%
Magic:  21/21      EV: 18    Int: 12    God:    Hepliaklqana [******]
Gold:   5358       SH: 26    Dex: 18    Spells: 0 memorised, 20 levels left

rFire  . . .     SeeInvis +     P - +9 long sword (freeze)
rCold  + + .     Gourm    .     u - +10 plate armour of Zoes {Str+4}
rNeg   . . .     Faith    .     C - +0 large shield
rPois  +         Spirit   .     (helmet unavailable)
rElec  +         Dismiss  .     L - +1 cloak {rC+}
rCorr  .         Reflect  .     v - +0 pair of gloves of Impatience {rElec Stlth+}
rMut   +         Harm     .     E - +0 pair of boots {Fly}
SustAt .                        N - amulet of Voiwn {MR+ Regen+ Dex-2 Stlth+}
MR     +++..                    Z - +5 ring of strength
Stlth  ..........               J - +6 ring of strength

@: agile, corroded, flying, very slightly contaminated, drained, extremely
resistant to hostile enchantments, extremely unstealthy
A: antennae 3, hooves 1, rough black scales 3, see invisible, agile 1, cold
resistance 1, demonic guardian 2, dopey 1, magic resistance 1, mutation
resistance 3, poison resistance, powered by pain 1, robust 1, screaming 1,
strong 1, freezing cloud immunity, MP-powered wands
a: Recall Ancestor, Ancestor Identity, Transference, Idealise, Renounce
Religion, Stop Flying
}: 1/15 runes: gossamer


You were on level 5 of the Vaults.
You worshipped Hepliaklqana.
Hepliaklqana was exalted by your worship.
You were not hungry.

You visited 8 branches of the dungeon, and saw 37 of its levels.
You visited the Abyss 1 time.
You also visited: Labyrinth, Sewer, Ice Cave and Volcano.

You collected 6197 gold pieces.
You spent 839 gold pieces at shops.

Inventory:

Hand Weapons
 q - the +7 war axe "Havarch" {chop, *Drain rF+++ rC+++ Str-4}
   (You found it on level 2 of the Lair of Beasts)

   It inflicts extra damage upon your enemies.
   It affects your strength (-4).
   It renders you almost immune to fire.
   It renders you almost immune to cold.
   It causes draining when unequipped.
 P - a +9 long sword of freezing (weapon)
Missiles
 d - 12 throwing nets (quivered)
Armour
 i - a +0 mottled dragon armour
 u - the +10 plate armour of Zoes (worn) {Str+4}
   (You found it on level 4 of the Dungeon)

   It affects your strength (+4).
 v - the +0 pair of gloves of Impatience (worn) {rElec Stlth+}
   (You bought it in a shop on level 1 of the Elven Halls)

   It insulates you from electricity.
   It makes you more stealthy.
 C - a +0 large shield (worn)
 E - a +0 pair of boots of flying (worn)
 L - a +1 cloak of cold resistance (worn)
Jewellery
 c - the amulet of the Four Winds {rN+ MR+++ Clar}
   (You took it off a deep elf annihilator on level 3 of the Elven Halls)

   [amulet of nothing]

   It protects you from negative energy.
   It affects your resistance to hostile enchantments.
   It protects you against confusion.
 J - a +6 ring of strength (left hand)
 K - an uncursed ring of resist corrosion
 N - the amulet of Voiwn (around neck) {MR+ Regen+ Dex-2 Stlth+}
   (You took it off a deep elf sorcerer on level 3 of the Elven Halls)

   [amulet of regeneration]

   It affects your dexterity (-2).
   It affects your resistance to hostile enchantments.
   It increases your rate of regeneration.
   It makes you more stealthy.
 O - a +4 amulet of reflection
 Z - a +5 ring of strength (right hand)
Wands
 b - a wand of teleportation (4/9)
 Q - a wand of digging (17/24)
 S - a wand of paralysis (13/24)
 X - a wand of heal wounds (3/9)
Scrolls
 l - 4 scrolls of enchant weapon
 m - 13 scrolls of remove curse
 p - 4 scrolls of enchant armour
 s - a scroll of fog
 t - 2 scrolls of recharging
 x - 7 scrolls of teleportation
 y - 3 scrolls of fear
 A - 2 scrolls of silence
 M - 12 scrolls of identify
 W - 2 scrolls of magic mapping
Potions
 e - a potion of ambrosia
 h - 9 potions of magic
 j - 7 potions of lignification
 w - 16 potions of curing
 B - 2 potions of haste
 F - 3 potions of berserk rage
 G - 2 potions of resistance
 H - 2 potions of cancellation
 T - 2 potions of agility
 Y - 3 potions of invisibility
Miscellaneous
 g - a phial of floods
 D - a fan of gales (inert)
 I - a lamp of fire
Comestibles
 a - 12 meat rations
 f - 17 bread rations
 n - 16 royal jellies
 r - 2 beef jerkies
 z - 14 fruits


   Skills:
 * Level 18.4(17.2) Fighting
 + Level 16.6(15.4) Long Blades
 - Level 2.0(1.2) Throwing
 * Level 15.7(14.6) Armour
 + Level 7.9(7.0) Dodging
 - Level 1.3(0.5) Stealth
 * Level 21.7(20.5) Shields
 - Level 1.0(0.2) Evocations


You had 20 spell levels left.
You didn't know any spells.

Dungeon Overview and Level Annotations

Branches:
Dungeon (15/15)            Temple (1/1) D:7            Lair (6/6) D:11
  Swamp (0/4) Lair:3       Spider (4/4) Lair:4        Slime (0/5) Lair:5
    Orc (2/2) D:9             Elf (3/3) Orc:2        Vaults (5/5) D:13
  Crypt (0/3) Vaults:3     Depths (1/5) D:15

Altars:
Ashenzari
Cheibriados
Dithmenos
Elyvilon
Fedhas
Gozag
Hepliaklqana
Kikubaaqudgha
Makhleb
Nemelex Xobeh
Okawaru
Pakellas
Qazlal
Ru
Sif Muna
Trog
Uskayaw
Vehumet
Xom
Yredelemnul
Zin
The Shining One
Jiyva

Shops:
D:4 *   D:6 *   Orc:2 ===[   Elf:1 [   Vaults:2 [*=*

Portals:
Hell: Depths:1
Labyrinth: D:14

Annotations:
Vaults:5 Saint Roka, Xtahua


Innate Abilities, Weirdness & Mutations

You have a pair of large antennae on your head. (SInv)
You are completely covered in rough black scales. (AC +10, Dex -3)
Your flesh is cold resistant. (rC+)
A demonic guardian rushes to your aid.
You sometimes gain a little power by taking damage.
You are immune to freezing clouds.
You have large cloven feet.
You have supernaturally acute eyesight. (SInv)
You are agile. (Dex +2)
You are dopey. (Int -2)
You are resistant to hostile enchantments. (MR+)
You are almost entirely resistant to further mutation and mutation removal.
Your system is resistant to poisons. (rPois)
You are robust. (+10% HP)
You occasionally shout uncontrollably at your foes.
Your muscles are strong. (Str +2)
You expend magic power (3 MP) to strengthen your wands.


Message History

Nothing appears to happen.
This wand has 4 charges left.
You are engulfed in roaring flames.
Xtahua bites you but does no damage. Xtahua claws you but does no damage.
Xtahua closely misses you.
Saint Roka hits you with a dire flail of protection!
* * * LOW HITPOINT WARNING * * *
You're standing in a cloud of flame!
Xtahua roars, "BAH!
BLOODY ADVENTURERS."
Saint Roka invokes the aid of Beogh against you.
Beogh smites you!
* * * LOW HITPOINT WARNING * * *
Okay, then.
Zapping:
X - a wand of heal wounds (4/9)
Press: ? - help, Shift-Dir - straight line, f - you Nothing appears to happen.
This wand has 3 charges left.
You feel less invigorated.
You feel less confused.
Xtahua is engulfed in roaring flames.
Xtahua breathes flames at you. The searing blast hits you!
You die...

{ .{. .... ...
..#
#############..#
.......@Doppo..#
.........ppp...#{
##########pp#..#
.....{{(pp# #
......{{{o#
#####pp#{O#
#..#{.# { #.p#o[#
{ #..#..#


You could see Saint Roka, Xtahua, a vault warden, 7 vault guards and an orc
warrior.

Vanquished Creatures
  Jorgrun (Elf:3)
  An Ice Fiend (IceCv)
  Rupert (D:14)
  A lich (Vaults:2)
  A titan (Vaults:5)
  2 deep elf master archers (Elf:3)
  3 sphinxes
  Kirke (D:14)
  2 tengu reavers
  A storm dragon (Vaults:4)
  The ghost of tstbtto the Warrior, a journeyman MiFi of Cheibriados (Orc:1)
  5 deep elf sorcerers (Elf:3)
  A fire giant (Vaults:4)
  4 ghost moths
  Aizul (Elf:3)
  2 frost giants
  A deep elf elementalist (Elf:3)
  11 vault wardens
  6 emperor scorpions
  A ghoul (Vaults:4)
  10 very ugly things
  5 entropy weavers
  12 ironheart preservers
  8 stone giants
  6 dire elephants (Lair:6)
  7 deep elf annihilators
  2 spark wasps
  9 deep elf demonologists
  3 ettins
  2 crystal guardians
  Snorg (D:14)
  3 deep elf death magi
  2 fire dragons
  A minotaur (Lab)
  5 yaktaur captains
  4 deep elf high priests (Elf:3)
  The ghost of tstbtto the Fencer, a journeyman MiFi of Cheibriados (D:11)
  Harold (Lair:3)
  5 great orbs of eyes
  3 rakshasas (Vaults:2)
  6 ice dragons
  3 hydras
  6 vault guards
  8 centaur warriors
  An anaconda (Lair:6)
  Erica (Orc:1)
  31 dancing weapons
  2 death knights
  6 death yaks
  13 ogre magi
  2 deep troll shamans (Depths:1)
  4 tengu warriors
  4 deep troll earth magi
  3 orc high priests (Orc:2)
  22 deep elf knights
  6 hell knights (D:13)
  2 unseen horrors (shapeshifter)
  5 unseen horrors
  3 giant orange brains
  6 skeletal warriors (Vaults:3)
  A shadow wraith (Vaults:3)
  22 deep trolls
  13 deep elf archers
  A lindwurm (Lair:4)
  A wolf spider zombie (D:15)
  6 wizards
  9 ironbrand convokers
  11 hill giants
  A phantasmal warrior (Vaults:4)
  11 orb spiders
  A lindwurm (shapeshifter) (Elf:1)
  3 oklob plants (Lair:2)
  16 orc knights
  A mana viper (shapeshifter) (D:14)
  57 deep elf magi
  2 necromancers
  6 griffons
  34 wolf spiders
  A salamander (shapeshifter) (Vaults:4)
  2 tengu skeletons (Vaults:3)
  A sphinx skeleton (Vaults:3)
  7 cyclopes
  A manticore (D:15)
  3 hornets
  48 ugly things
  A centaur zombie (D:10)
  8 orc sorcerers
  2 moths of wrath
  Maurice (D:9)
  3 human skeletons (Vaults:3)
  6 black mambas
  4 elephants (Lair:6)
  17 vault sentinels
  Psyche (D:9)
  An ice statue (IceCv)
  2 fire giant skeletons
  A gargoyle (D:14)
  8 spiny frogs
  A torpor snail (Spider:1)
  2 kobold demonologists (D:15)
  2 komodo dragons
  9 freezing wraiths
  2 rime drakes (Lair:5)
  3 anaconda simulacra (IceCv)
  10 demonic crawlers
  A guardian mummy (Volcano)
  A yaktaur (shapeshifter) (Vaults:3)
  35 yaktaurs
  2 tengu conjurers (D:15)
  5 ice devils (IceCv)
  27 jumping spiders
  A polar bear (Lair:5)
  A yaktaur skeleton (Vaults:3)
  A queen bee (Lair:1)
  A meliai (shapeshifter) (Elf:1)
  3 meliai (Spider:4)
  5 trolls
  2 wind drakes (shapeshifter)
  3 minotaur zombies (Lab)
  A minotaur skeleton (Volcano)
  26 slime creatures
  5 boulder beetles
  A wolf spider simulacrum (IceCv)
  16 two-headed ogres
  A meliai zombie (D:15)
  11 blink frogs
  A shadow (Lab)
  A hornet zombie (D:14)
  3 air elementals
  2 flying skulls (Volcano)
  5 dire elephant simulacra (IceCv)
  61 redbacks
  A spriggan (D:7)
  3 wyverns
  An ettin skeleton (Vaults:3)
  2 water elementals
  A tarantella (shapeshifter) (Vaults:4)
  22 tarantellas
  4 vampires (Volcano)
  9 hippogriffs
  5 wraiths
  Grum (D:9)
  A hog (shapeshifter) (Elf:1)
  Eustachio (D:4)
  27 yaks
  5 hungry ghosts
  2 fire elementals (Elf:2)
  A basilisk (D:13)
  4 iron troll simulacra (IceCv)
  A hill giant skeleton (Volcano)
  A mottled dragon (Vaults:2)
  6 wargs
  3 harpy simulacra (IceCv)
  7 hell hounds (D:13)
  3 hydra simulacra (IceCv)
  16 water moccasins
  A merfolk skeleton (Volcano)
  4 sky beasts
  10 porcupines
  Duvessa (D:4)
  3 wasps
  6 ice beasts
  43 orc warriors
  4 black bears
  An eye of draining (D:9)
  12 boggarts
  47 ogres
  5 centaurs
  A manticore skeleton (Volcano)
  2 phantoms
  8 wolves
  An elf skeleton (Vaults:3)
  8 crocodiles
  The ghost of Amnesiac the Grave Robber, an amateur DENe (D:3)
  3 big kobolds (D:15)
  13 giant frogs
  4 earth elementals
  A gnoll sergeant (Orc:1)
  A human zombie (Vaults:4)
  A scorpion (D:12)
  2 hexers
  A swamp dragon simulacrum (IceCv)
  29 killer bees
  A spriggan skeleton (Volcano)
  2 human simulacra
  14 wights
  15 electric eels
  2 howler monkeys
  A troll skeleton (Volcano)
  6 crimson imps
  3 quasits
  A giant frog zombie (D:4)
  3 hounds
  3 draconian simulacra (IceCv)
  14 orc priests
  4 centaur skeletons
  A giant frog skeleton (D:12)
  21 orc wizards
  6 iguanas
  A troll simulacrum (IceCv)
  2 two-headed ogre skeletons (Volcano)
  7 worker ants
  A killer bee zombie (D:8)
  3 spriggan simulacra (IceCv)
  4 sheep (Lair:1)
  2 centaur simulacra (IceCv)
  An ogre skeleton (Volcano)
  A hound skeleton (D:4)
  A mummy (Volcano)
  5 gnolls
  13 adders
  3 naga simulacra (IceCv)
  2 ogre simulacra (IceCv)
  29 river rats
  3 shadow imps
  8 white imps
  5 ufetubi (IceCv)
  An ooze (D:5)
  2 adder skeletons
  An adder zombie (D:10)
  2 worms
  3 dart slugs
  9 giant geckos
  82 orcs
  6 ball pythons
  4 giant cockroaches
  8 goblins
  13 hobgoblins
  11 jackals
  5 quokkas
  4 bats
  A giant gecko zombie (D:7)
  13 giant newts
  2 goblin skeletons (D:8)
  A goblin zombie (D:8)
  3 hobgoblin zombies (D:8)
  8 kobolds
  A kobold skeleton (D:8)
  A kobold zombie (D:8)
  An orc skeleton (D:8)
  An orc zombie (D:8)
  A quokka skeleton (D:9)
  A quokka zombie (D:9)
  16 rats
  2 crawling corpses (Elf:3)
  2 fungi
  11 plants
1580 creatures vanquished.

Vanquished Creatures (collateral kills)
  2 sphinxes
  Gastronok (D:8)
  A ghost moth (Spider:4)
  A deep elf sorcerer (Elf:3)
  2 vault wardens
  Louise (Spider:3)
  An emperor scorpion (Spider:4)
  A very ugly thing (Vaults:2)
  A deep elf elementalist (Elf:2)
  2 ironheart preservers
  3 stone giants
  2 deep elf demonologists
  An entropy weaver (Vaults:4)
  2 deep elf annihilators
  A deep elf death mage (Elf:3)
  A yaktaur captain (Vaults:2)
  2 ogre magi
  3 vault guards
  A rakshasa (Vaults:1)
  A dancing weapon (Elf:1)
  A death knight (Vaults:4)
  A death yak (Lair:6)
  A hell knight (D:13)
  Nergalle (D:10)
  4 deep elf knights
  A fire crab (shapeshifter) (Vaults:2)
  2 shadow wraiths
  A deep elf archer (Elf:3)
  2 unseen horrors (D:15)
  2 deep trolls (Vaults:3)
  A giant orange brain (Depths:1)
  2 ironbrand convokers
  2 hill giants
  4 deep elf magi
  A shadow dragon skeleton (Vaults:3)
  A mana viper (shapeshifter) (Vaults:5)
  A tengu skeleton (Vaults:4)
  An orc sorcerer (Elf:1)
  2 orc knights
  3 orb spiders
  3 wolf spiders
  4 hornets
  9 ugly things
  A sphinx skeleton (Vaults:3)
  2 vault sentinels
  A spiny frog (Lair:4)
  A demonic crawler (Spider:1)
  A freezing wraith (Vaults:4)
  A komodo dragon (Lair:4)
  9 yaktaurs
  An anaconda simulacrum (IceCv)
  2 ice devils (IceCv)
  3 trolls
  5 jumping spiders
  Prince Ribbit (D:6)
  A two-headed ogre (Vaults:1)
  3 slime creatures
  A boulder beetle (Vaults:4)
  3 blink frogs
  17 redbacks
  A shadow (Lab)
  A wyvern (D:14)
  A spriggan (Lair:5)
  A yak (shapeshifter) (Vaults:2)
  A vampire (D:12)
  6 tarantellas
  2 hippogriffs
  2 yaks (Lair:6)
  2 hungry ghosts
  A hill giant skeleton (Volcano)
  A warg (D:15)
  A water moccasin (Lair:3)
  A porcupine (Lair:4)
  9 orc warriors
  2 sky beasts
  3 wasps
  3 wolves
  12 ogres
  A centaur (D:6)
  A crocodile (Lair:4)
  A big kobold (D:15)
  2 giant frogs
  Dowan (D:4)
  A scorpion (D:11)
  5 killer bees (Lair:1)
  3 wights
  3 electric eels (Lair:3)
  A howler monkey (D:7)
  2 crimson imps
  A centaur skeleton (Volcano)
  4 hounds
  5 orc priests
  6 orc wizards
  An iguana (D:6)
  A worker ant (D:8)
  A hound skeleton (D:9)
  3 gnolls (Orc:1)
  5 river rats
  2 shadow imps
  A giant gecko (D:6)
  16 orcs
  A giant cockroach (D:4)
  A kobold (D:15)
  A crawling corpse (Elf:3)
  2 fungi
  3 plants (Lair:3)
258 creatures vanquished.

Vanquished Creatures (others)
  3 deep elf elementalists (Elf:3)
  A dancing weapon (Elf:2)
  A hill giant (D:14)
  A deep elf archer (Elf:1)
  A deep elf mage (Elf:1)
  A centaur zombie (D:10)
  An air elemental (Elf:2)
  A redback (Spider:4)
  2 humans (D:14)
  An orc warrior (Vaults:5)
  A centaur (D:14)
  40 hexers
  7 ancestors
  6 orcs
  8 fungi
  9 plants
84 creatures vanquished.

Grand Total: 1922 creatures vanquished

Notes
Turn   | Place    | Note
-------+----------+-------------------------------------------
     0 | D:1      | matakusis the Demonspawn Gladiator began the quest for the Orb.
     0 | D:1      | Reached XP level 1. HP: 16/16 MP: 1/1
   108 | D:1      | Gained mutation: You are partially covered in rough black scales. (AC +4, Dex -1) [demonic ancestry]
   108 | D:1      | Reached XP level 2. HP: 17/22 MP: 2/2
   658 | D:1      | Reached XP level 3. HP: 27/27 MP: 3/3
  1231 | D:2      | Reached skill level 1 in Armour
  1268 | D:2      | Reached XP level 4. HP: 33/34 MP: 4/4
  1437 | D:3      | Found a sparkling altar of Nemelex Xobeh.
  1461 | D:3      | Noticed Amnesiac's ghost (amateur DENe)
  1618 | D:3      | Killed Amnesiac's ghost
  1618 | D:3      | Gained mutation: You are mostly covered in rough black scales. (AC +7, Dex -2) [demonic ancestry]
  1618 | D:3      | Reached XP level 5. HP: 39/39 MP: 5/5
  2006 | D:3      | Found a glowing silver altar of Zin.
  2045 | D:3      | You fall through a shaft!
  2166 | D:4      | Found a glowing drain.
  2291 | Sewer    | Entered a sewer
  2800 | D:4      | Noticed an ogre
  2811 | D:4      | Killed an ogre
  2811 | D:4      | Gained mutation: A weak demonic guardian rushes to your aid. [demonic ancestry]
  2811 | D:4      | Reached XP level 6. HP: 14/47 MP: 6/6
  3099 | D:4      | Reached skill level 1 in Stealth
  3107 | D:4      | Found a stormy altar of Qazlal.
  3202 | D:4      | Found an opulent altar of Gozag.
  3204 | D:4      | Found a burning altar of Makhleb.
  3205 | D:4      | Found a basalt altar of Yredelemnul.
  3206 | D:4      | Found a white marble altar of Elyvilon.
  3339 | D:4      | Found Ihethac's Assorted Antiques.
  3388 | D:4      | Noticed Eustachio
  3414 | D:4      | Killed Eustachio
  3414 | D:4      | Reached XP level 7. HP: 43/53 MP: 7/7
  3542 | D:4      | Noticed Duvessa
  3542 | D:4      | Noticed Dowan
  3553 | D:4      | Killed Duvessa
  3553 | D:4      | Reached skill level 5 in Dodging
  3555 | D:4      | Killed Dowan
  3557 | D:4      | Reached skill level 1 in Evocations
  3615 | D:4      | Got a twisted plate armour
  3626 | D:4      | Identified the +10 plate armour of Zoes {Str+4} (You found it on level 4 of the Dungeon)
  3654 | D:4      | Found a deep blue altar of Sif Muna.
  3951 | D:5      | Entered Level 5 of the Dungeon
  4175 | D:5      | Found a shadowy altar of Dithmenos.
  4192 | D:5      | Gained mutation: Your system is resistant to poisons. (rPois) [potion of mutation]
  4192 | D:5      | Gained mutation: You are resistant to hostile enchantments. (MR+) [potion of mutation]
  4192 | D:5      | Gained mutation: You are agile. (Dex +2) [potion of mutation]
  4193 | D:5      | Gained mutation: You expend magic power (3 MP) to strengthen your wands. [potion of mutation]
  4193 | D:5      | Gained mutation: You are somewhat resistant to further mutation. [potion of mutation]
  4398 | D:5      | Gained mutation: You are completely covered in rough black scales. (AC +10, Dex -3) [demonic ancestry]
  4398 | D:5      | Reached XP level 8. HP: 61/61 MP: 8/8
  4818 | D:4      | Bought a shiny shield for 121 gold pieces
  4965 | D:6      | Noticed Prince Ribbit
  4985 | D:6      | Killed Prince Ribbit
  4985 | D:6      | Reached skill level 5 in Fighting
  4985 | D:6      | Reached skill level 5 in Long Blades
  5077 | D:6      | Reached skill level 1 in Shields
  5491 | D:6      | Found Foebeda's Assorted Antiques.
  5502 | D:6      | Bought an amethyst potion for 25 gold pieces
  5502 | D:6      | Bought a metallic grey potion for 25 gold pieces
  5503 | D:6      | Identified 2 scrolls of acquirement
  5506 | D:6      | Got an ichor-stained hat
  5517 | D:6      | Identified the +3 hat "Nan Caur" {rPois rC- Int+4 Dex+3} (You acquired it on level 6 of the Dungeon)
  5528 | D:6      | Got a scorched platinum ring
  5529 | D:6      | Identified the ring "Ovymaxt" {+Fly Stlth+} (You acquired it on level 6 of the Dungeon)
  5782 | D:6      | Reached skill level 2 in Shields
  5965 | D:7      | Found a sacrificial altar of Ru.
  6016 | D:7      | Found a burning altar of Makhleb.
  6022 | D:7      | Reached skill level 3 in Shields
  6031 | D:7      | Found a staircase to the Ecumenical Temple.
  6043 | Temple   | Entered the Ecumenical Temple
  6051 | Temple   | Became a worshipper of Hepliaklqana
  6337 | D:7      | Gained mutation: You have a pair of small antennae on your head. [demonic ancestry]
  6337 | D:7      | Reached XP level 9. HP: 69/69 MP: 9/9
  6405 | D:7      | Got an ancient mace
  6406 | D:7      | Identified the cursed +0 mace "Demonslayer" {antimagic, +Blink Stlth+} (You found it on level 7 of the Dungeon)
  6702 | D:7      | Found a stormy altar of Qazlal.
  6712 | D:7      | Reached skill level 4 in Shields
  6897 | D:8      | Found a radiant altar of Vehumet.
  6993 | D:8      | Found an oddly glowing altar of Pakellas.
  7164 | D:8      | Reached * piety under Hepliaklqana
  7457 | D:8      | Found a glowing golden altar of the Shining One.
  7529 | D:8      | Noticed Gastronok
  7547 | D:8      | Killed Gastronok
  7547 | D:8      | Reached skill level 5 in Armour
  7547 | D:8      | Reached skill level 6 in Shields
  7547 | D:8      | Gained mutation: You have a pair of antennae on your head. [demonic ancestry]
  7547 | D:8      | Reached XP level 10. HP: 28/79 MP: 10/10
  8536 | D:9      | Found a staircase to the Orcish Mines.
  8841 | D:9      | Found a shimmering altar of Xom.
  8886 | D:9      | Found a shimmering altar of Xom.
  8887 | D:9      | Found a shimmering altar of Xom.
  8894 | D:9      | Found a shimmering altar of Xom.
  8894 | D:9      | Found a shimmering altar of Xom.
  8895 | D:9      | Found a shimmering altar of Xom.
  8896 | D:9      | Found a shimmering altar of Xom.
  8896 | D:9      | Found a shimmering altar of Xom.
  8978 | D:9      | Reached skill level 7 in Shields
  9143 | D:9      | Noticed Grum
  9146 | D:9      | Noticed Psyche
  9152 | D:9      | Killed Grum
  9173 | D:9      | Killed Psyche
  9555 | D:9      | Noticed Maurice
  9946 | D:9      | Killed Maurice
 10629 | D:9      | Reached skill level 8 in Shields
 10680 | D:10     | Entered Level 10 of the Dungeon
 10680 | D:10     | Noticed Nergalle
 10699 | D:10     | Killed Nergalle
 10699 | D:10     | Reached XP level 11. HP: 81/86 MP: 11/11
 10753 | D:10     | Reached ** piety under Hepliaklqana
 10755 | D:10     | Remembered your ancestor Quintus as a hexer
 10795 | D:10     | Killed an unseen horror
 10961 | D:10     | Noticed a hill giant
 10970 | D:10     | Killed a hill giant
 11402 | D:11     | Noticed a hill giant
 11410 | D:11     | Killed a hill giant
 11410 | D:11     | Reached skill level 9 in Shields
 11456 | D:11     | Noticed a green ugly thing
 11469 | D:11     | Killed a green ugly thing
 11639 | D:11     | Noticed a hill giant
 11647 | D:11     | Killed a hill giant
 11669 | D:11     | Found a staircase to the Lair.
 11864 | D:11     | Noticed tstbtto's ghost (journeyman MiFi)
 11921 | D:11     | Killed tstbtto's ghost
 11921 | D:11     | Reached skill level 10 in Shields
 12129 | D:11     | Noticed a hill giant
 12138 | D:11     | Killed a hill giant
 12173 | D:12     | Noticed a hill giant
 12180 | D:12     | Killed a hill giant
 12182 | D:12     | Reached XP level 12. HP: 88/95 MP: 12/12
 12188 | D:12     | Reached *** piety under Hepliaklqana
 12294 | D:12     | Found a hazy altar of Hepliaklqana.
 12551 | D:12     | Reached skill level 11 in Shields
 13106 | D:13     | Found a gate to the Vaults.
 13158 | D:13     | Gained mutation: Your muscles are strong. (Str +2) [mutagenic meat]
 13365 | D:13     | Noticed a centaur warrior
 13366 | D:13     | Noticed a centaur warrior
 13374 | D:13     | Killed a centaur warrior
 13383 | D:13     | Killed a centaur warrior
 13540 | D:13     | Reached skill level 12 in Shields
 13594 | D:13     | Gained mutation: You sometimes gain a little power by taking damage. [demonic ancestry]
 13594 | D:13     | Reached XP level 13. HP: 47/102 MP: 13/13
 14247 | D:13     | Reached skill level 10 in Fighting
 14495 | D:14     | Reached **** piety under Hepliaklqana
 14620 | D:14     | Noticed Kirke
 14628 | D:14     | Killed Kirke
 14646 | D:14     | Reached skill level 13 in Shields
 14820 | D:14     | Reached skill level 10 in Long Blades
 14980 | D:14     | Found a white marble altar of Elyvilon.
 15225 | D:14     | Noticed Snorg
 15242 | D:14     | Killed Snorg
 15357 | D:14     | Noticed Rupert
 15386 | D:14     | Killed Rupert
 15551 | D:15     | Entered Level 15 of the Dungeon
 15551 | D:15     | Found a labyrinth entrance.
 15620 | D:15     | Gained mutation: Your flesh is cold resistant. (rC+) [demonic ancestry]
 15620 | D:15     | Reached XP level 14. HP: 69/113 MP: 14/14
 15874 | Lab      | Entered a labyrinth
 15883 | Lab      | Gained mutation: You have supernaturally acute eyesight. (SInv) [mutagenic meat]
 15886 | Lab      | Gained mutation: You are dopey. (Int -2) [mutagenic meat]
 16187 | Lab      | Got an ichor-stained battleaxe
 16389 | Lab      | Reached skill level 14 in Shields
 16435 | Lab      | Reached ***** piety under Hepliaklqana
 16595 | Lab      | Got a bloodstained robe
 16636 | Lab      | Identified the +2 robe of Death's Door {*Corrode rElec rC+++ SInv} (You found it in a labyrinth)
 17582 | D:15     | Gained mutation: You are somewhat resistant to both further mutation and mutation removal. [mutagenic meat]
 17588 | D:15     | Gained mutation: You are robust. (+10% HP) [mutagenic meat]
 18031 | D:15     | Reached skill level 10 in Armour
 18117 | D:15     | Found a staircase to the Depths.
 18542 | Orc:1    | Entered Level 1 of the Orcish Mines
 18542 | Orc:1    | Noticed Erica
 18553 | Orc:1    | Killed Erica
 18590 | Orc:1    | Noticed tstbtto's ghost (journeyman MiFi)
 18625 | Orc:1    | Killed tstbtto's ghost
 19174 | Orc:2    | Entered Level 2 of the Orcish Mines
 19183 | Orc:2    | Noticed a stone giant
 19202 | Orc:2    | Killed a stone giant
 19521 | Orc:2    | Found a staircase to the Elven Halls.
 19863 | Orc:2    | Gained mutation: You are immune to freezing clouds. [demonic ancestry]
 19863 | Orc:2    | Reached XP level 15. HP: 105/132 MP: 15/15
 19986 | Orc:2    | Found Entomathewk's Armour Shop.
 19986 | Orc:2    | Found Cepheono's Jewellery Shop.
 19991 | Orc:2    | Found Byporaosm's Jewellery Emporium.
 19991 | Orc:2    | Found Poil's Jewellery Emporium.
 20702 | Lair:1   | Entered Level 1 of the Lair of Beasts
 21649 | Lair:2   | Reached skill level 15 in Shields
 21734 | Lair:2   | Got a scorched war axe
 21737 | Lair:2   | Identified the +7 war axe "Havarch" {chop, *Drain rF+++ rC+++ Str-4} (You found it on level 2 of the Lair of Beasts)
 22428 | Lair:3   | Found a staircase to the Swamp.
 22786 | Lair:3   | Noticed Harold
 22798 | Lair:3   | Killed Harold
 23702 | Lair:4   | Found a dark tunnel.
 23713 | Volcano  | Entered a volcano
 24296 | Lair:4   | Found a hole to the Spider Nest.
 25049 | Lair:5   | Reached ****** piety under Hepliaklqana
 25342 | Lair:5   | Found a viscous altar of Jiyva.
 25342 | Lair:5   | Found a staircase to the Slime Pits.
 25902 | Lair:6   | Entered Level 6 of the Lair of Beasts
 26541 | Lair:6   | Reached XP level 16. HP: 141/141 MP: 16/16
 26603 | Lair:6   | Reached skill level 16 in Shields
 27039 | Elf:1    | Entered Level 1 of the Elven Halls
 27339 | Elf:1    | Noticed a Tzitzimitl
 27341 | Elf:1    | Noticed a Tzitzimitl
 27345 | Elf:1    | Noticed an Executioner
 27840 | Elf:1    | Gained mutation: You have large cloven feet. [mutagenic meat]
 27957 | Elf:1    | Identified a +0 rod of shadows (13/13) (You found it on level 1 of the Elven Halls)
 28534 | Elf:1    | Got a slimy lead amulet
 28536 | Elf:1    | Identified the amulet "Huepukka" {Faith +Fly Dex+3} (You acquired it on level 1 of the Elven Halls)
 28877 | Elf:1    | Found Exomy's Antique Armour Shop.
 28894 | Elf:1    | Bought a pair of ichor-stained gloves for 294 gold pieces
 28908 | Elf:1    | Identified the +0 pair of gloves of Impatience {rElec Stlth+} (You bought it in a shop on level 1 of the Elven Halls)
 28987 | Elf:1    | Noticed a Tzitzimitl
 29168 | Elf:1    | Reached skill level 17 in Shields
 29866 | Elf:2    | Found a runed gate.
 29881 | Elf:2    | Got a scorched scimitar
 29882 | Elf:2    | Identified the cursed +1 scimitar "Nygaut" {freeze, *Noise rN+ MR+} (You found it on level 2 of the Elven Halls)
 29887 | Elf:2    | Found a runed gate.
 29887 | Elf:2    | Found a runed gate.
 30420 | Elf:2    | Gained mutation: You have a pair of large antennae on your head. (SInv) [demonic ancestry]
 30420 | Elf:2    | Reached XP level 17. HP: 151/152 MP: 17/17
 31186 | Elf:2    | Cast into level 3 of the Abyss (bardiche of distortion)
 31212 | Elf:2    | Escaped the Abyss
 31302 | Elf:2    | Upgraded the game from 0.19-a0-957-gf4ea323 to 0.19-a0-958-gd69d43c
 31356 | Elf:3    | Entered Level 3 of the Elven Halls
 31356 | Elf:3    | Noticed Aizul
 31375 | Elf:3    | Killed Aizul
 31393 | Elf:3    | Gained mutation: You occasionally shout uncontrollably at your foes. [mutagenic meat]
 31520 | Elf:3    | Reached skill level 18 in Shields
 31930 | Elf:3    | Noticed Jorgrun
 31944 | Elf:3    | Killed Jorgrun
 32119 | Elf:3    | Noticed a Brimstone Fiend
 32143 | Elf:3    | Noticed an Ice Fiend
 32413 | Elf:3    | Noticed a deep elf master archer
 32435 | Elf:3    | Noticed a Tzitzimitl
 32438 | Elf:3    | Killed a deep elf master archer
 32444 | Elf:3    | Reached skill level 15 in Fighting
 32690 | Elf:3    | Got a fine tin amulet
 32708 | Elf:3    | Noticed a deep elf master archer
 32736 | Elf:3    | Killed a deep elf master archer
 32736 | Elf:3    | Reached XP level 18. HP: 62/163 MP: 18/18
 32752 | Elf:3    | HP: 1/163 [deep elf elementalist/fireball (38)]
 33299 | Elf:3    | Identified the amulet of Voiwn {MR+ Regen+ Dex-2 Stlth+} (You took it off a deep elf sorcerer on level 3 of the Elven Halls)
 33357 | Elf:3    | Identified the Almanac of the Rocks
 33852 | D:12     | Gained mutation: You are almost entirely resistant to further mutation and mutation removal. [mutagenic meat]
 33974 | Depths:1 | Entered Level 1 of the Depths
 34604 | Depths:1 | HP: 6/163 [yaktaur captain/bolt (9)]
 35355 | Depths:1 | Found a gateway to Hell.
 36300 | Spider:1 | Entered Level 1 of the Spider Nest
 37126 | Spider:1 | Reached skill level 19 in Shields
 38386 | Spider:3 | Gained mutation: A demonic guardian rushes to your aid. [demonic ancestry]
 38386 | Spider:3 | Reached XP level 19. HP: 170/172 MP: 0/19
 38750 | Spider:3 | Noticed Louise
 38758 | Spider:3 | Killed Louise
 39346 | Spider:4 | Entered Level 4 of the Spider Nest
 39437 | Spider:4 | Found a frozen archway.
 39462 | IceCv    | Entered an ice cave
 40213 | IceCv    | Got a brightly glowing dire flail
 40228 | IceCv    | Identified the +9 dire flail of Xyxadurr {vamp, rC+ Stlth+} (You found it in an ice cave)
 40961 | Spider:4 | Reached skill level 15 in Long Blades
 41248 | Spider:4 | Got a gossamer rune of Zot
 41557 | Vaults:1 | Entered Level 1 of the Vaults
 41631 | Vaults:1 | Reached skill level 20 in Shields
 42273 | Vaults:1 | Reached XP level 20. HP: 183/183 MP: 20/20
 43951 | Vaults:2 | Reached skill level 15 in Armour
 44199 | Vaults:2 | Found Imakicux's Assorted Antiques.
 44302 | Vaults:2 | Bought a scroll of recharging for 218 gold pieces
 44302 | Vaults:2 | Bought a potion of curing for 69 gold pieces
 44305 | Vaults:2 | Found Gopoetoch's Assorted Antiques.
 44313 | Vaults:2 | Bought a potion of curing for 87 gold pieces
 44318 | Vaults:2 | Found Eceut's Jewellery Boutique.
 44535 | Vaults:2 | Found Hunir's Antique Armour Shoppe.
 44632 | Vaults:2 | Reached skill level 21 in Shields
 45219 | Vaults:3 | Reached XP level 21. HP: 181/193 MP: 21/21
 46217 | Vaults:3 | Found a staircase to the Crypt.
 47863 | Vaults:5 | Entered Level 5 of the Vaults
 47863 | Vaults:5 | Noticed Xtahua
 47871 | Vaults:5 | Noticed Saint Roka
 47946 | Vaults:5 | Killed from afar by Xtahua

Vault maps used:
D:1:      dpeg_arrival_central
D:2:      first_bread
D:3:      zin_statuary, lemuel_round_altar
D:4:      kennysheep_little_box, minitemple, serial_shops, kennysheep_mini,
          portal_sewer_entry_c, uniq_duvessa, uniq_eustachio
D:5:      nicolae_dithmenos_through_a_glass_darkly
D:6:      serial_shops, shop, lemuel_old_faithful, uniq_prince_ribbit1
D:7:      hangedman_feature_mirror, the_bakery, nicolae_ru_awakened_eye
D:8:      grunt_pakellas_mercury, nicolae_overflow_hidden_temple,
          nicolae_tso_besieged_by_evil, uniq_gastronok
D:9:      xom_redecorated, erik_orc_2, hangedman_decor_clover_reticule,
          uniq_grum, uniq_psyche, uniq_maurice
D:10:     lemuel_flamethrower_2, uniq_nergalle
D:11:     erik_lair_island
D:12:     basic_altar, nicolae_two_hexagons
D:13:     erik_vaults_1, minmay_rotating_lava
D:14:     kennysheep_pointless_box, elyvilon_altar_1, uniq_snorg, uniq_rupert,
          uniq_kirke
D:15:     hangedman_depths_entry_civil_slaughter, lab_entry_generic,
          minivault_14
Temple:   compressed_dpeg_triangle_lava_temple
Lair:1:   grunt_megastairs_4, lemuel_fruit_tree
Lair:2:   minmay_lair_oklob_chamber, columned_hall_lemuel, wad_woods_road_02,
          serial_bayou_shore_a
Lair:3:   minmay_swamp_entry_eels, serial_forest, infiniplex_forest_clump_small,
          infiniplex_forest_clump_diagonal, infiniplex_forest_straight_2,
          infiniplex_forest_clump_small, infiniplex_forest_zigzag_2,
          serial_bayou_lagoon_a, uniq_harold
Lair:4:   spider_nest_entry_webs, nicolae_volcano_entry_vermiform,
          grunt_megastairs_5, infiniplex_staircase_pool, serial_bayou_shore_b
Lair:5:   minmay_guarded_unrand_snakebite, slime_altar_1, forest_entry_grove,
          grunt_megastairs_3
Lair:6:   due_jungle_book, serial_bayou_pond_b
Spider:1: spiders_nest_spider_trap
Spider:3: uniq_louise
Spider:4: spider_rune_water, portal_ice_cave_entry_pillars_1
Orc:1:    uniq_erica
Orc:2:    st_orc_elflike
Elf:1:    eino_elf_arrival_sip, serial_shops, shop, orc_legates,
          serial_sigils_hangedman_scratch
Elf:2:    corexii_leaking_fountain, minivault_4
Elf:3:    minmay_elf_hall_dome, uniq_aizul, uniq_jorgrun
Vaults:1: vaults_room_boxed, v_misc_9, v_alt_pattern_5, v_misc_24,
          nicolae_vaults_twisting_passages, nicolae_vaults_mini_display_case,
          nicolae_vaults_alarming
Vaults:2: hangedman_vaults_capsules, dpeg_vaults_pockets_of_resistance,
          nicolae_vaults_little_squares_2, v_misc_29, vaults_room_hallway,
          nicolae_vaults_network_s, nicolae_vaults_yaktaur_gun_rack,
          ontoclasm_vaults_shuriken, v_pattern_4, hangedman_vaults_corner,
          v_misc_19, v_misc_8, nicolae_vaults_little_squares_2, serial_shops,
          nicolae_shop_overgrown_old_shop, nicolae_shop_behind_doors, shop, shop
Vaults:3: hangedman_vaults_nails, hangedman_vaults_pinch,
          hangedman_vaults_nails, hangedman_vaults_cutoff, v_misc_18,
          hangedman_vaults_variations, nicolae_vaults_angled_halls,
          vaults_dpeg_cross, minmay_crypt_entry_skeletal_spiral,
          hangedman_vaults_impose, vaults_room_stairs_pillars
Vaults:4: v_misc_27, nicolae_vaults_little_squares_3,
          nicolae_vaults_little_squares_2, v_alt_pattern_4,
          ontoclasm_vaults_pinch, nicolae_vaults_big_ls, vaults_mumra_minichess,
          nicolae_vaults_little_squares_3, v_pattern_3, nicolae_vaults_rhombus_7
Vaults:5: uniq_saint_roka, uniq_xtahua
Depths:1: minmay_crystal_room, grunt_hell_entry_dis_grunt, minivault_1,
          minmay_tree_intersection, minmay_misc_feat_more_columns,
          kennysheep_generic_room_3
Abyss:3:  evilmike_abyss_exit_11, grunt_abyss_rune_wretched_hive,
          evilmike_abyss_exit_12
Lab:      labyrinth_hidden_loot, nicolae_lab_plus, nicolae_lab_very_dead_end,
          nicolae_lab_big_swirl, nicolae_lab_grate_2, nicolae_lab_stuck,
          nicolae_lab_checkerboard, nicolae_lab_dead_end
Sewer:    sewer_co_cracked_pipes
IceCv:    ice_cave_caverns_01
Volcano:  volcano_tomb

Skill      XL: |  1  2  3  4  5  6  7  8  9 10 11 12 13 14 15 16 17 18 19 20 21 |
---------------+----------------------------------------------------------------+-----
Dodging        | 3 4 5 6 7 |  7.9
Long Blades    | 3 4 5 6 7 8 9 10 11 12 13 14 15 16 | 16.6
Throwing       | 2 |  2.0
Armour         | 1 2 4 5 6 7 8 9 10 11 12 13 14 15 | 15.7
Fighting       | 3 4 6 7 8 9 11 12 14 15 16 17 18 | 18.4
Stealth        | 1 |  1.3
Evocations     | 1 |  1.0
Shields        | 3 6 8 10 12 13 14 15 17 18 19 20 21 | 21.7

Action                   |  1- 3 |  4- 6 |  7- 9 | 10-12 | 13-15 | 16-18 | 19-21 || total
-------------------------+-------+-------+-------+-------+-------+-------+-------++-------
Melee: Long sword        |   153 |   274 |   456 |  1132 |  1671 |  1646 |  2081 ||  7413
Invok: Ancestor Life: He |       |       |       |     1 |       |       |       ||     1
       Recall Ancestor   |       |       |       |     1 |     4 |     1 |     5 ||    11
 Abil: Evoke Berserk Rag |       |     1 |     2 |       |       |       |       ||     3
       Evoke Flight      |       |       |       |     1 |     5 |       |       ||     6
Evoke: Wand              |       |       |       |       |     7 |     9 |     8 ||    24
       Rod               |       |       |       |       |       |     2 |       ||     2
       Fan of gales      |       |       |       |       |       |       |     1 ||     1
       Box of beasts     |       |       |       |       |       |       |     1 ||     1
  Use: Scroll            |       |     9 |    13 |    11 |    18 |    13 |     6 ||    70
       Potion            |       |     4 |     2 |     4 |     9 |     3 |     8 ||    30
 Stab: Distracted        |       |       |     4 |    13 |    25 |    20 |    11 ||    73
       Confused          |       |       |       |    18 |    25 |    10 |   113 ||   166
       Paralysed         |       |       |       |       |    43 |    36 |   131 ||   210
       Invisible         |       |       |       |       |     4 |       |       ||     4
  Eat: Chunk             |     1 |     8 |    15 |    23 |    51 |    77 |    74 ||   249
       Beef jerky        |       |       |     1 |       |     1 |       |     6 ||     8
       Meat ration       |       |       |       |     1 |     1 |     1 |       ||     3
       Fruit             |       |       |       |       |     4 |       |       ||     4
       Bread ration      |       |       |       |       |     1 |       |       ||     1
       Pizza             |       |       |       |       |       |     6 |     2 ||     8
Armor: Leather armour    |    42 |    82 |       |       |       |       |       ||   124
       Skin              |       |    12 |       |       |       |       |       ||    12
       Plate armour      |       |       |   303 |   503 |   563 |   880 |   437 ||  2686
Dodge: Dodged            |    88 |   186 |   131 |   257 |   461 |   663 |   316 ||  2102
Block: Shield            |       |       |   203 |   841 |   319 |       |       ||  1363
       Reflection        |       |       |       |     6 |    20 |     3 |       ||    29
       Buckler           |       |       |       |       |   531 |   625 |    20 ||  1176
       Large shield      |       |       |       |       |       |       |  1419 ||  1419
